 Dungeon Crawl Stone Soup version 0.30-a0-422-g946f4849ff (webtiles) character file.

Game seed: 11463219560289417658

183928 p00ps00p the Warrior (level 18, -51/180 HPs)
             Began as a Hill Orc Fighter on Dec 9, 2022.
             Was an Initiate of Gozag.
             Killed from afar by Mara (illusionary) (84 damage)
             ... with a bolt of fire
             ... on level 1 of the Depths.
             The game lasted 01:03:23 (25306 turns).

p00ps00p the Warrior (Hill Orc Fighter)            Turns: 25306, Time: 01:03:24

Health: -51/180    AC: 27    Str: 36    XL:     18   Next: 39%
Magic:  18/18      EV: 13    Int: 11    God:    Gozag
Gold:   776        SH: 13    Dex: 12    Spells: 17/17 levels left

rFire   x . .      SeeInvis .    t - +9 broad axe (flame)
rCold   . . .      Faith    .    S - +0 kite shield
rNeg    . . .      Spirit   .    E - +4 chain mail {Will+}
rPois   +          Reflect  .    b - +2 hat of the Arcane {rPois Int+2}
rElec   .          Harm     .    Q - scarf {repulsion}
rCorr   .          Rampage  .    q - +2 pair of gloves
Will    ++...                    h - +2 pair of boots {Stlth+}
Stlth   +.........               w - amulet of Xackug {Acrobat rF- Str+6 Int-2}
HPRegen 0.50/turn                D - ring "Watethah" {+Blink rPois Will- EV+4}
MPRegen 0.16/turn                e - ring "Yckuv" {Will+ Str+3 Int+3 Dex+2}

@: gold aura, repel missiles
A: no striking features
a: Renounce Religion, Evoke Blink, Potion Petition, Call Merchant, Bribe Branch


You were on level 1 of the Depths.
You worshipped Gozag.
Gozag was pleased with you.
You visited 5 branches of the dungeon, and saw 23 of its levels.
You also visited: Bailey, Gauntlet and Volcano.

You collected 8238 gold pieces.
You spent 3558 gold pieces at shops.
You paid 3904 gold pieces to Gozag.

Inventory:

Hand Weapons
 a - a +0 war axe of freezing
 m - a +1 broad axe of protection
 t - a +9 broad axe of flaming (weapon)
 M - the +5 whip of Terror {drain, rF+}
   (You found it in a Gauntlet)

   A truly terrible weapon, it drains the life of any living foe it strikes.
   rF:        It protects you from fire.
Missiles
 o - 29 boomerangs (quivered)
 N - 6 poisoned darts
Armour
 b - the +2 hat of the Arcane (worn) {rPois Int+2}
   (You found it in a Gauntlet)

   Int:       It affects your intelligence (+2).
   rPois:     It protects you from poison.
 h - a +2 pair of boots of stealth (worn)
 j - a +2 cloak of preservation
 q - a +2 pair of gloves (worn)
 E - a +4 chain mail of willpower (worn)
 Q - a scarf of repulsion (worn)
 S - a +0 kite shield (worn)
Jewellery
 e - the ring "Yckuv" (right hand) {Will+ Str+3 Int+3 Dex+2}
   (You bought it in a shop on level 4 of the Lair of Beasts)

   [ring of willpower]

   Str:       It affects your strength (+3).
   Int:       It affects your intelligence (+3).
   Dex:       It affects your dexterity (+2).
   Will:      It increases your willpower.
 w - the amulet of Xackug (around neck) {Acrobat rF- Str+6 Int-2}
   (You found it in a Gauntlet)

   [amulet of the acrobat]

   It increases your evasion while moving and waiting.
   Str:       It affects your strength (+6).
   Int:       It affects your intelligence (-2).
   rF:        It makes you vulnerable to fire.
 D - the ring "Watethah" (left hand) {+Blink rPois Will- EV+4}
   (You bought it in a shop on level 4 of the Lair of Beasts)

   [ring of evasion]

   EV:        It affects your evasion (+4).
   rPois:     It protects you from poison.
   +Blink:    It lets you blink.
   Will:      It decreases your willpower.
 T - a ring of see invisible
Wands
 c - a wand of flame (30)
 k - a wand of polymorph (9)
 n - a wand of paralysis (18)
 u - a wand of light (12)
 y - a wand of roots (16)
 L - a wand of mindburst (17)
Scrolls
 g - a scroll of magic mapping
 x - 8 scrolls of teleportation
 A - a scroll of fog
 C - 6 scrolls of fear
 O - 4 scrolls of amnesia
Potions
 f - 4 potions of magic
 s - 3 potions of mutation
 v - 4 potions of flight
 z - 5 potions of brilliance
 B - 3 potions of cancellation
 G - 2 potions of berserk rage
 H - 2 potions of haste
 I - 10 potions of curing
 P - a potion of resistance
 R - 4 potions of heal wounds
Miscellaneous
 F - a phial of floods
 J - a phantom mirror
 K - a condenser vane


   Skills:
 + Level 20.4 Fighting
 + Level 19.5 Axes
 + Level 16.8 Armour
 - Level 4.9 Stealth
 + Level 16.8 Shields


You had 17 spell levels left.
You didn't know any spells.
Your spell library contained the following spells:

 Spells                   Type           Power      Damage    Failure   Level
 Magic Dart               Conj           0%         1d3       82%         1
 Shock                    Conj/Air       0%         1d3       82%         1
 Searing Ray              Conj           0%         2d4       91%         2
 Static Discharge         Conj/Air       0%         2-2/arc   91%         2
 Ignite Poison            Fire/Tmut/Pois 0%         N/A       99%         3
 Kindle Blastsparks       Fire/Tloc/Air  0%         2d10      99%         3
 Portal Projectile        Hex/Tloc       0%         N/A       99%         3
 Swiftness                Air            0%         N/A       99%         3
 Tukima's Dance           Hex            0%         N/A       99%         3
 Airstrike                Air            0%         2d(0-16)  100%        4
 Fulminant Prism          Conj/Hex       0%         3d5       100%        4
 Iskenderun's Mystic Bla  Conj/Tloc      0%         2d3       100%        4
 Passage of Golubria      Tloc           0%         N/A       100%        4
 Alistair's Intoxication  Tmut/Pois      0%         N/A       100%        5
 Blade Hands              Tmut           0%         N/A       100%        5
 Borgnjor's Vile Clutch   Necr/Erth      0%         N/A       100%        5
 Freezing Cloud           Conj/Ice/Air   0%         6-21      100%        5
 Silence                  Hex/Air        0%         N/A       100%        5
 Summon Forest            Summ/Tloc      0%         N/A       100%        5
 Yara's Violent Unravell  Hex/Tmut       0%         3d3       100%        5
 Eringya's Noxious Bog    Tmut/Pois      0%         N/A       100%        6
 Enfeeble                 Hex            0%         N/A       100%        7
 Malign Gateway           Summ/Tloc      0%         N/A       100%        7
 Summon Hydra             Summ           0%         N/A       100%        7
 Borgnjor's Revivificati  Necr           0%         N/A       100%        8
 Lehudib's Crystal Spear  Conj/Erth      0%         10d2      100%        8
 Necromutation            Tmut/Necr      0%         N/A       100%        8
 Chain Lightning          Conj/Air       0%         N/A       100%        9
 Death's Door             Necr           0%         N/A       100%        9
 Fire Storm               Conj/Fire      0%         5d1       100%        9
 Shatter                  Erth           0%         3d5*      100%        9


Dungeon Overview and Level Annotations

Branches:
Dungeon (15/15)            Temple (1/1) D:6            Lair (5/5) D:10
  Swamp (0/4) Lair:3       Spider (0/4) Lair:3        Slime (0/5) Lair:4
    Orc (2/2) D:11            Elf (0/3) Orc:2        Vaults (0/5) D:13
 Depths (1/4) D:15         Bailey (visited)         Volcano (visited)
Gauntlet (visited)

Altars:
Ashenzari
Cheibriados
Dithmenos
Elyvilon
Fedhas
Gozag
Hepliaklqana
Kikubaaqudgha
Makhleb
Nemelex Xobeh
Okawaru
Qazlal
Ru
Sif Muna
Trog
Uskayaw
Vehumet
Wu Jian
Xom
Yredelemnul
Zin
Beogh
Jiyva

Shops:
D:7 [   D:9 [   D:11 (   D:13 =   Orc:1 [*   Orc:2 **?**=   Lair:4 =

Portals:
Abyss: Depths:1

Annotations:
Depths:1 Mara


Message History

The spark wasp is moderately wounded.
You block the spark wasp's attack. The spark wasp misses you.
The spark wasp stings you but does no damage.
You slice p00ps00p's illusion!! You burn p00ps00p's illusion!
P00ps00p's illusion is moderately wounded.
You slice the spark wasp!! You burn the spark wasp! The spark wasp misses you.
You slice p00ps00p's illusion!! You burn p00ps00p's illusion!
P00ps00p's illusion is heavily wounded.
You miss the spark wasp. You block p00ps00p's illusion's attack.
The spark wasp stings you. The spark wasp shocks you!
Mara gestures.
You block Mara's attack.
You slash p00ps00p's illusion! You burn p00ps00p's illusion.
P00ps00p's illusion is heavily wounded.
You hit the spark wasp but do no damage.
The spark wasp stings you but does no damage.
You block p00ps00p's illusion's attack.
You slash p00ps00p's illusion! You burn p00ps00p's illusion.
P00ps00p's illusion is heavily wounded.
You slash the spark wasp! You burn the spark wasp!
The spark wasp bursts into living lightning!
The living lightning hits you!
The spark wasp blinks!
Mara blinks!
P00ps00p's illusion closely misses you.
You slice p00ps00p's illusion!! You burn p00ps00p's illusion!
P00ps00p's illusion is severely wounded.
You barely miss the spark wasp.
The spark wasp stings you but does no damage.
P00ps00p's illusion hits you!! P00ps00p's illusion burns you!!
Unknown command.
You hit p00ps00p's illusion but do no damage.
P00ps00p's illusion is severely wounded.
You hit the spark wasp. You burn the spark wasp.
You kill the spark wasp!
Mara hits you from afar with a +6 demon trident of venom!!
* * * LOW HITPOINT WARNING * * *
Mara gestures at you. The bolt of fire hits you!!!!
The fire burns you terribly!
You die...
Your body crumbles into a pile of gold.

#.....# .####.....#
.........[# ##....#'###
#.......# .^.+
#.##.#R.## ...# . #
#∩.§## #..
##...######## #.#
#.#@@.#?...######.###
...###$R....'..##.....
######..#....##........
#.##....##.>...... #+
###..######.... ####
#.... #.... #.... #....


You could see 2 Maras and p00ps00p's illusion.

Vanquished Creatures
  Gastronok (Lair:1)
  The ghost of Nucishy the Cloud Mage, an adept DrAE of Hepliaklqana (D:14)
  A fire giant (Depths:1)
  An orc warlord (Bailey)
  4 very ugly things (Depths:1)
  A stone giant (Depths:1)
  2 spark wasps (Depths:1)
  A minotaur (Gauntlet)
  Snorg (Lair:5)
  An ettin (Depths:1)
  A fire dragon (Depths:1)
  5 vault guards (D:13)
  2 catoblepae
  3 hydras
  An ice dragon (D:15)
  An ogre mage (D:15)
  5 centaur warriors
  A merfolk avatar (Lair:5)
  4 boulder beetles
  10 two-headed ogres
  2 tengu warriors
  3 orc high priests (Orc:2)
  A deep elf knight (D:13)
  A thrashing horror (Gauntlet)
  Amaemon (D:10)
  3 sea snakes (Lair:5)
  A bog body (Lair:3)
  2 deep elf archers
  A harpy (Lair:5)
  A necromancer (D:15)
  4 wizards
  9 deep elf pyromancers
  3 wolf spiders
  10 orc knights
  A wolf spider zombie (D:15)
  7 orc sorcerers
  8 cyclopes
  6 manticores
  23 ugly things
  4 oklob plants
  A centaur zombie (D:15)
  An elephant (Lair:5)
  A black mamba (Lair:2)
  A centaur skeleton (D:15)
  An orange demon (D:10)
  11 cane toads
  2 kobold demonologists (D:11)
  2 efreet
  2 yaktaurs (D:15)
  9 komodo dragons
  2 rime drakes
  2 tengu conjurers
  2 wind drakes (Lair:5)
  2 polar bears
  10 trolls
  A raiju (shapeshifter) (D:11)
  15 slime creatures
  24 blink frogs
  Prince Ribbit (D:7)
  4 hornets
  A snapping turtle (Lair:5)
  4 shadows
  9 wraiths
  2 vampires (D:10)
  A fire elemental (Volcano)
  7 wyverns
  A basilisk (shapeshifter) (D:14)
  78 yaks
  2 redbacks (D:15)
  9 vampire mosquitoes
  A human (D:13)
  5 basilisks
  Menkaure (D:7)
  2 steam dragons
  2 wargs (Orc:2)
  7 hell hounds (Volcano)
  3 acid dragons
  8 water moccasins
  35 orc warriors
  An ice beast (D:7)
  2 black bears
  A floating eye (D:9)
  2 sky beasts (D:6)
  2 black bears (shapeshifter)
  6 ogres
  19 wolves
  10 centaurs
  3 phantoms
  2 kobold brigands
  13 bullfrogs
  4 scorpions
  2 necrophages
  4 small abominations (Gauntlet)
  11 killer bees
  8 howler monkeys
  An electric eel (Lair:3)
  4 hounds
  4 jellies
  Crazy Yiuf (D:2)
  16 orc priests
  Jessica (D:3)
  Natasha (thrice) (D:4)
  5 iguanas
  21 orc wizards
  A boggart skeleton (D:15)
  6 adders
  4 gnolls
  6 shadow imps
  2 white imps
  An ufetubus (D:7)
  2 worms
  4 dart slugs
  64 orcs
  9 endoplasms
  5 giant cockroaches
  13 goblins
  11 hobgoblins
  6 jackals
  4 quokkas
  8 ball pythons
  5 bats
  5 frilled lizards
  27 kobolds
  5 rats
  4 bushes
748 creatures vanquished.

Vanquished Creatures (others)
  A deep elf pyromancer (Volcano)
  A black bear (Lair:3)
  2 orc priests (Orc:2)
  16 fungi
  49 plants
69 creatures vanquished.

Grand Total: 817 creatures vanquished

Notes
Turn   | Place    | Note
-------+----------+-------------------------------------------
     0 | D:1      | p00ps00p the Hill Orc Fighter began the quest for the Orb.
     0 | D:1      | Reached XP level 1. HP: 19/19 MP: 1/1
   121 | D:1      | Reached XP level 2. HP: 27/27 MP: 2/2
   560 | D:1      | Reached XP level 3. HP: 33/33 MP: 3/3
   647 | D:1      | Reached skill level 4 in Fighting
  1058 | D:2      | Found a blossoming altar of Fedhas.
  1066 | D:2      | Reached XP level 4. HP: 36/40 MP: 4/4
  1681 | D:2      | Found a runed translucent door.
  1682 | D:2      | Noticed Crazy Yiuf
  1837 | D:2      | Killed Crazy Yiuf
  1883 | D:3      | Reached XP level 5. HP: 46/47 MP: 5/5
  1952 | D:3      | Noticed Jessica
  1958 | D:3      | Killed Jessica
  2091 | D:3      | Found a faded altar of an unknown god.
  2564 | D:4      | Noticed Natasha
  2573 | D:4      | Killed Natasha
  2581 | D:4      | Reached skill level 5 in Fighting
  2581 | D:4      | Reached XP level 6. HP: 50/56 MP: 6/6
  2605 | D:4      | Identified the +2 short sword "Sont" {pain, rF+ rN+ Stlth+}
  2618 | D:4      | Noticed Natasha
  2628 | D:4      | Killed Natasha
  2821 | D:4      | Reached skill level 5 in Axes
  2965 | D:4      | Noticed Natasha
  2969 | D:4      | Killed Natasha
  3270 | D:5      | Entered Level 5 of the Dungeon
  3273 | D:5      | Reached skill level 5 in Armour
  3273 | D:5      | Reached skill level 5 in Shields
  3278 | D:5      | Found a stormy altar of Qazlal.
  3304 | D:5      | Reached XP level 7. HP: 61/61 MP: 7/7
  3491 | D:5      | Reached skill level 6 in Fighting
  3744 | D:5      | Noticed a hornet
  3759 | D:5      | Paralysed by a hornet for 1 turns
  3768 | D:5      | Killed a hornet
  3769 | D:5      | Reached XP level 8. HP: 39/71 MP: 8/8
  3773 | D:5      | Identified a scroll of acquirement
  3781 | D:5      | Acquired a manual of Fighting
  3896 | D:6      | Noticed a yak
  3896 | D:6      | Noticed a yak
  3897 | D:6      | Noticed a yak
  3898 | D:6      | Noticed a yak
  3898 | D:6      | Noticed a yak
  3916 | D:5      | Killed a yak
  3917 | D:5      | Reached skill level 7 in Fighting
  3925 | D:5      | Killed a yak
  3930 | D:6      | Killed a yak
  3934 | D:6      | Killed a yak
  3935 | D:6      | Reached skill level 8 in Fighting
  3938 | D:6      | Killed a yak
  3939 | D:6      | Reached XP level 9. HP: 73/82 MP: 9/9
  4029 | D:6      | Reached skill level 9 in Fighting
  4055 | D:6      | Found a staircase to the Ecumenical Temple.
  4115 | Temple   | Entered the Ecumenical Temple
  4386 | Temple   | Became a worshipper of Gozag Ym Sagoz the Greedy
  4965 | D:7      | Found a shimmering blue altar of Sif Muna.
  4996 | D:7      | Noticed Prince Ribbit
  5015 | D:7      | Killed Prince Ribbit
  5016 | D:7      | Reached skill level 10 in Fighting
  5061 | D:7      | Found Xyhohiedewn's Armour Shop.
  5065 | D:7      | Noticed Menkaure
  5075 | D:7      | Killed Menkaure
  5203 | D:7      | You fall into a shaft and drop 2 floors!
  5249 | D:9      | Reached XP level 10. HP: 53/94 MP: 10/10
  5253 | D:9      | Reached skill level 11 in Fighting
  5278 | D:9      | Reached skill level 10 in Axes
  5306 | D:9      | Reached skill level 12 in Fighting
  5375 | D:9      | Found a flagged portal.
  5387 | Bailey   | Entered a bailey
  5392 | Bailey   | Noticed an orc warlord
  5477 | Bailey   | Found a runed translucent gate.
  5478 | Bailey   | Found a runed translucent gate.
  5479 | Bailey   | Found a runed translucent gate.
  5790 | Bailey   | Killed an orc warlord
  5999 | D:9      | Noticed an oklob plant
  6047 | D:9      | Noticed an oklob plant
  6049 | D:9      | Paralysed by a floating eye for 4 turns
  6191 | D:9      | Noticed a manticore
  6198 | D:9      | Killed a manticore
  6199 | D:9      | Reached skill level 13 in Fighting
  6199 | D:9      | Reached XP level 11. HP: 107/107 MP: 11/11
  6232 | D:9      | Noticed a two-headed ogre
  6241 | D:9      | Killed a two-headed ogre
  6556 | D:9      | Bought a +2 chain mail of willpower for 322 gold pieces
  6584 | D:10     | Entered Level 10 of the Dungeon
  7251 | D:10     | Reached skill level 10 in Armour
  7251 | D:10     | Reached skill level 10 in Shields
  7428 | D:10     | Found a staircase to the Lair.
  7553 | D:10     | Noticed an orc knight
  7565 | D:10     | Noticed a boulder beetle
  7570 | D:10     | Noticed a tengu warrior
  7761 | D:10     | Reached skill level 14 in Fighting
  7877 | D:10     | Noticed Amaemon
  7878 | D:10     | Noticed a two-headed ogre
  7903 | D:10     | Killed Amaemon
  7914 | D:10     | Killed a two-headed ogre
  8227 | D:9      | Bought a +2 cloak of preservation for 322 gold pieces
  8349 | D:10     | Killed an orc knight
  8364 | D:10     | Killed a tengu warrior
  8399 | D:10     | Identified the +0 ring mail of Daqoek {rElec rF+ Regen+
                  | MP-9}
  8480 | D:10     | Killed a boulder beetle
  8481 | D:10     | Reached skill level 15 in Fighting
  8642 | D:11     | Reached XP level 12. HP: 110/119 MP: 12/12
  8750 | D:11     | Noticed a boulder beetle
  8773 | D:11     | Killed a boulder beetle
  8851 | D:11     | Noticed a two-headed ogre
  8857 | D:11     | Killed a two-headed ogre
  8920 | D:11     | Identified the +11 mace "Fivul" {drain, Stlth+}
  8938 | D:11     | Reached skill level 16 in Fighting
  8957 | D:11     | Found the +4 Cigotuvi's embrace {rMiasma Drain rN+}
  8985 | D:11     | Noticed a centaur warrior
  9003 | D:11     | Killed a centaur warrior
  9073 | D:11     | Noticed a sun demon
  9075 | D:11     | Reached XP level 13. HP: 61/130 MP: 13/13
  9540 | D:11     | Found a staircase to the Orcish Mines.
  9543 | D:11     | Found Icalirph's Weapon Shop.
  9979 | Orc:1    | Entered Level 1 of the Orcish Mines
 10007 | Orc:1    | Found Ohunerph's Antique Armour Boutique.
 10084 | Orc:1    | Bought a pair of ichor-stained boots for 285 gold pieces
 10084 | Orc:1    | Identified the +0 pair of boots of Youthful Indiscretion
                  | {Stlth+} (You bought it in a shop on level 1 of the Orcish
                  | Mines)
 10406 | Orc:2    | Entered Level 2 of the Orcish Mines
 10425 | Orc:2    | Found Mullibai's General Store.
 10616 | Orc:2    | Found a gate leading to a gauntlet.
 10649 | Orc:2    | Reached skill level 17 in Fighting
 10677 | Gauntlet | Entered a Gauntlet
 10677 | Gauntlet | Found a transporter.
 10677 | Gauntlet | Found a transporter.
 10721 | Gauntlet | Found a transporter.
 10736 | Gauntlet | Found a transporter.
 10752 | Gauntlet | Found a transporter.
 10764 | Gauntlet | Found a transporter.
 10848 | Gauntlet | Found a transporter.
 10859 | Gauntlet | Found a transporter.
 10875 | Gauntlet | Found a transporter.
 10888 | Gauntlet | Found a transporter.
 10895 | Gauntlet | Noticed a cacodemon
 10904 | Gauntlet | Found a transporter.
 10971 | Gauntlet | Found a transporter.
 10981 | Gauntlet | Found a transporter.
 10991 | Gauntlet | Found a transporter.
 11015 | Gauntlet | Found a transporter.
 11025 | Gauntlet | Found a transporter.
 11151 | Gauntlet | Identified the +2 hat of the Arcane {rPois Int+2}
 11162 | Gauntlet | Identified the amulet of Xackug {Acrobat rF- Str+6 Int-2}
 11204 | Gauntlet | Reached skill level 15 in Axes
 11276 | Gauntlet | Noticed a minotaur
 11288 | Gauntlet | Killed a minotaur
 11294 | Gauntlet | Identified the +4 battleaxe of Lyaxoax {flame, rF+ rC-
                  | Dex+2 SInv}
 11294 | Gauntlet | Identified the +5 whip of Terror {drain, rF+}
 11520 | Orc:2    | Found a roughly hewn altar of Beogh.
 11680 | Orc:2    | Bought a scroll of enchant weapon for 112 gold pieces
 11718 | Orc:1    | Bought a scroll of enchant weapon for 202 gold pieces
 11760 | Orc:2    | Found a staircase to the Elven Halls.
 12236 | Orc:2    | Found Osoyhesm's General Store.
 12236 | Orc:2    | Found Vaukkuo's General Store.
 12237 | Orc:2    | Found Ycepirhu's Magic Scroll Boutique.
 12237 | Orc:2    | Found Letyduutz's Assorted Antiques.
 12691 | Orc:2    | Bought a wand of light (7) for 441 gold pieces
 12691 | Orc:2    | Bought 2 potions of curing for 90 gold pieces
 12691 | Orc:2    | Bought a wand of mindburst (8) for 168 gold pieces
 13365 | Orc:2    | Bought a scroll of identify for 28 gold pieces
 13365 | Orc:2    | Bought a scroll of teleportation for 42 gold pieces
 13365 | Orc:2    | Bought a scroll of enchant weapon for 105 gold pieces
 13370 | Orc:2    | Bought a scroll of teleportation for 45 gold pieces
 13557 | D:12     | Reached XP level 14. HP: 140/140 MP: 14/14
 13740 | D:12     | Found a roughly hewn altar of Beogh.
 14173 | D:13     | Found Mauhuqa's Jewellery Shop.
 14244 | D:13     | Found a snail-covered altar of Cheibriados.
 14957 | D:13     | Reached skill level 18 in Fighting
 15099 | D:13     | Found a gate to the Vaults.
 15626 | D:14     | Reached XP level 15. HP: 150/150 MP: 15/15
 15717 | D:14     | Noticed Nucishy's ghost (adept DrAE)
 15782 | D:14     | Found a runed translucent door.
 16028 | D:15     | Entered Level 15 of the Dungeon
 16121 | D:15     | Found a faded altar of an unknown god.
 16121 | D:15     | Found a faded altar of an unknown god.
 16123 | D:15     | Found a hazy altar of Hepliaklqana.
 16295 | D:15     | Reached skill level 15 in Armour
 16339 | D:15     | Reached skill level 15 in Shields
 16440 | D:15     | Reached XP level 16. HP: 153/159 MP: 16/16
 16464 | D:15     | Reached skill level 19 in Fighting
 16528 | D:15     | Found a staircase to the Depths.
 17471 | Orc:2    | Bought a scroll of enchant weapon for 112 gold pieces
 17575 | Lair:1   | Entered Level 1 of the Lair of Beasts
 18028 | Lair:1   | Noticed Gastronok
 18042 | Lair:1   | Killed Gastronok
 18452 | Lair:2   | Identified the +0 ring mail of Foolhardiness {rF- Str+6}
 19463 | Lair:3   | Found a hole to the Spider Nest.
 19504 | Lair:3   | Found a staircase to the Swamp.
 20324 | D:14     | Killed Nucishy's ghost
 20576 | D:9      | Paralysed by a floating eye for 3 turns
 20583 | D:9      | Paralysed by a floating eye for 4 turns
 20593 | D:9      | Paralysed by a floating eye for 4 turns
 20599 | D:9      | Paralysed by a floating eye for 3 turns
 20605 | D:9      | Paralysed by a floating eye for 4 turns
 20670 | D:9      | Identified the +1 leather armour "Liqiral" {Rampage rC+}
 21281 | Lair:4   | Found a staircase to the Slime Pits.
 21281 | Lair:4   | Found a viscous altar of Jiyva.
 21322 | Lair:4   | Found a dark tunnel.
 21332 | Volcano  | Entered a volcano
 22322 | Lair:4   | Bought the ring "Watethah" {+Blink rPois Will- EV+4} for
                  | 650 gold pieces
 22333 | Lair:5   | Entered Level 5 of the Lair of Beasts
 22452 | Lair:5   | Reached skill level 20 in Fighting
 22504 | Lair:5   | Reached XP level 17. HP: 166/170 MP: 17/17
 22718 | Lair:5   | Reached XP level 18. HP: 112/178 MP: 18/18
 23299 | Lair:5   | Noticed Snorg
 23313 | Lair:5   | Killed Snorg
 23565 | Lair:4   | Bought the ring "Yckuv" {Will+ Str+3 Int+3 Dex+2} for 634
                  | gold pieces
 23767 | Depths:1 | Entered Level 1 of the Depths
 25097 | Depths:1 | Found a one-way gate to the infinite horrors of the Abyss.
 25270 | Depths:1 | Got Geckig's Guidebook on Damage Dealing and Accomplices
 25273 | Depths:1 | Noticed Mara
 25280 | Depths:1 | Noticed p00ps00p's illusion
 25289 | Depths:1 | Identified the +3 scale mail of the Evil One {rElec Will-
                  | Str+3 Int+3}
 25306 | Depths:1 | Killed from afar by Mara (illusionary)

Illustrated notes

Levels and vault maps discovered:
D:1:      saegor_arrival_simple_b, layout_loops_ring
D:2:      layout_basic, basic_altar, uniq_crazy_yiuf_cottage
D:3:      layout_basic, hellmonk_ecumenical_altar_arch_garden, uniq_jessica
D:4:      kennysheep_the_goblin_king, layout_basic, uniq_natasha
D:5:      minmay_evil_eye, layout_rooms, grunt_qazlal_sundering
D:6:      layout_basic, minmay_temple_entry_gardened_gates
D:7:      cheibrodos_helix_gallery, layout_cave_pools, lemuel_round_altar,
          nicolae_tso_carved_into_rock, serial_shops,
          nicolae_shop_advertising_works [nicolae_subvault_shop_adworks],
          serial_park, serial_park_tiny_pond, serial_park_square3
          [serial_park_minivault_5x5_3], serial_park_square1
          [serial_park_minivault_5x5_5], hellmonk_guarded_unrand_hermit,
          uniq_prince_ribbit1, uniq_menkaure
D:9:      wad_river_or_something, layout_rooms, enter_bailey_6, disabler_island
D:10:     layout_basic, lair_entry_dummy, minmay_diamond_spiral, uniq_amaemon
D:11:     minmay_the_grid_octo_tiled_squarecenter
          [minmay_the_grid_octo_fat_diamond, minmay_the_grid_octo_focus,
          minmay_the_grid_octo_empty, minmay_the_grid_octo_toaster,
          minmay_the_grid_square_5x5_megaprize_diamond,
          minmay_the_grid_square_5x5_z, minmay_the_grid_square_5x5_corner,
          minmay_the_grid_square_5x5_inverted_slash,
          minmay_the_grid_square_5x5_shuriken], layout_basic, orc_david_3
D:12:     layout_rooms, special_room [special_room_orc]
D:13:     layout_basic, grunt_vaults_entry_fortified, serial_shops,
          nicolae_shop_temple_entry_statues_fountains, slow_altar_1
D:14:     layout_loops_cross, minmay_misc_feat_tiny,
          hellmonk_ghost_happy_afterlife, chequers_serial_rivers_marsh,
          minmay_variable_closet
D:15:     grunt_enter_depths_magical_seal, layout_irregular_city,
          minmay_misc_feat_diagonals, drop_trap, grunt_ministairs_14,
          nicolae_hepliaklqana_ecumenical_no_more
Temple:   compressed_dpeg_triangle_lava_temple
Lair:1:   layout_loops_ring, uniq_gastronok
Lair:2:   layout_roguey
Lair:3:   layout_chaotic_city, skrybe_swamp_entry_bodies,
          spider_nest_entry_web_field, guppyfry_lair_drakes, grunt_megastairs_3
Lair:4:   layout_concentric_octagons, minmay_slime_entry_pillars,
          lightli_volcano_entry_magma_tube
Lair:5:   gammafunk_lair_ancient_temple, layout_gridlike,
          nicolae_lair_run_with_the_wolves, uniq_snorg
Orc:1:    layout_diamond_mine, serial_shops, shop
Orc:2:    grunt_orc_tribal_feast, layout_caves, gauntlet_entry_generic,
          basic_altar, serial_shops, shop_fountains
Depths:1: layout_basic, kiku_gazebo_pond_becter, hell_entry, abyss_entry,
          tgw_trog, uniq_mara

Skill      XL: |  1  2  3  4  5  6  7  8  9 10 11 12 13 14 15 16 17 |
---------------+----------------------------------------------------+-----
Axes           | 3 4 5 6 7 9 11 12 14 15 16 17 18 19 | 19.5
Fighting       | 4 5 6 8 10 13 15 16 17 18 20 | 20.4
Shields        | 4 5 6 7 8 9 10 12 13 14 15 16 | 16.8
Armour         | 4 5 6 7 8 9 11 12 13 14 15 16 | 16.8
Stealth        | 4 |  4.9

Action                   |  1- 3 |  4- 6 |  7- 9 | 10-12 | 13-15 | 16-18 || total
-------------------------+-------+-------+-------+-------+-------+-------++-------
Melee: War axe           |   105 |   111 |   211 |   368 |       |       ||   795
       Broad axe         |       |       |       |   144 |   590 |   635 ||  1369
Invok: Call Merchant     |       |       |       |     1 |     1 |     2 ||     4
Evoke: Wand              |       |       |       |    18 |     6 |       ||    24
  Use: Scroll            |     3 |     4 |    17 |    12 |    13 |     7 ||    56
       Potion            |       |     1 |     2 |     3 |     3 |     4 ||    13
 Stab: Sleeping          |       |     4 |     3 |       |       |       ||     7
       Distracted        |       |       |       |     8 |     4 |     7 ||    19
       Petrifying        |       |       |       |       |       |     1 ||     1
Armor: Scale mail        |    67 |    37 |       |       |       |       ||   104
       Swamp dragon scal |       |    20 |    93 |   123 |       |       ||   236
       Chain mail        |       |       |       |   230 |   284 |   222 ||   736
Dodge: Dodged            |    53 |    57 |    71 |   198 |   223 |   176 ||   778
       Repelled          |       |       |       |       |     2 |    11 ||    13
Block: Buckler           |    28 |    33 |    58 |   163 |   170 |       ||   452
       Kite shield       |       |       |       |       |    70 |   310 ||   380

Table legend: (Time is in decaauts)
 A = Elapsed time spent in this place.
 B = Non-inter-level travel time spent in this place.
 C = Inter-level travel time spent in this place.
 D = Time resting spent in this place.
 E = Time spent auto-exploring this place.
 F = Levels seen in this place.
 G = Mean time per level.
                   A        B        C        D        E       F      G
               +--------+--------+--------+--------+--------+-----+--------+
         Total |  25335 |  23612 |   1723 |   2545 |  15144 |  26 |  974.4 |
       Dungeon |  14872 |  13867 |   1005 |   1648 |   8680 |  14 | 1062.3 |
        Temple |    284 |    239 |     45 |      0 |    227 |   1 |  284.0 |
          Lair |   4934 |   4555 |    379 |      0 |   3715 |   5 |  986.8 |
  Orcish Mines |   2779 |   2487 |    292 |    741 |   1033 |   2 | 1389.5 |
        Depths |    656 |    656 |      0 |    119 |    370 |   1 |  656.0 |
        Bailey |    558 |    558 |      0 |      0 |    309 |   1 |  558.0 |
       Volcano |    463 |    463 |      0 |      0 |    321 |   1 |  463.0 |
      Gauntlet |    787 |    787 |      0 |     37 |    488 |   1 |  787.0 |
               +--------+--------+--------+--------+--------+-----+--------+

Top non-repeatable levels by time:
    D:15: 2207 daAuts
   Orc:2: 2142 daAuts
    D:10: 1642 daAuts
     D:9: 1631 daAuts
    D:11: 1511 daAuts
    D:13: 1502 daAuts
  Lair:5: 1236 daAuts
     D:2: 1129 daAuts
  Lair:2: 1005 daAuts
  Lair:1: 899 daAuts
  Lair:4: 898 daAuts
  Lair:3: 894 daAuts
     D:4: 815 daAuts
     D:1: 788 daAuts
Gauntlet: 787 daAuts
